 Dungeon Crawl Stone Soup version 0.18.1-6-gd335043 (webtiles) character file.

63 M4edhros the Conjurer (level 3, -1/24 HPs)
             Began as a Mummy Conjurer on May 15, 2016.
             Killed from afar by Sigmund (7 damage)
             ... with a puff of flame
             ... on level 2 of the Dungeon.
             The game lasted 00:02:40 (2013 turns).

M4edhros the Conjurer (Mummy Conjurer)              Turns: 2013, Time: 00:02:41

Health: -1/24      AC:  3    Str: 11    XL:     3   Next: 87%
Magic:  2/6        EV:  7    Int: 15    God:
Gold:   67         SH:  0    Dex: 12    Spells: 2 memorised, 3 levels left

rFire  x . .     SeeInvis .     c - +0 short sword
rCold  + . .     Gourm    .     a - +0 robe
rNeg   + + +     Faith    .     (no shield)
rPois  ∞         Spirit   .     (no helmet)
rElec  .         Dismiss  .     (no cloak)
rCorr  .         Reflect  .     d - +0 pair of gloves
SustAt .         Harm     .     (no boots)
MR     .....                    (no amulet)
Stlth  ++........               (no ring)
                                (no ring)

@: very slightly contaminated, not resistant to hostile enchantments, unstealthy
A: no food or potions, fire vulnerability, cold resistance 1, negative energy
resistance 3, torment resistance, unbreathing
a: no special abilities


You were on level 2 of the Dungeon.
You were not hungry.

You visited 1 branch of the dungeon, and saw 3 of its levels.

You collected 67 gold pieces.

Inventory:

Hand Weapons
 c - a +0 short sword (weapon)
Missiles
 g - 4 poisoned tomahawks (quivered)
Armour
 a - a +0 robe (worn)
 d - a +0 pair of gloves (worn)
Jewellery
 i - an uncursed ring of stealth {unknown}
Scrolls
 f - 3 scrolls of teleportation {unknown}
 h - 4 scrolls of identify {unknown}
Books
 b - a book of Conjurations

   Spells                             Type                      Level
   a - Magic Dart                     Conjuration                  1
   b - Searing Ray                    Conjuration                  2
   c - Dazzling Spray                 Conjuration/Hexes            3
   d - Fulminant Prism                Conjuration/Hexes            4
   e - Iskenderun's Mystic Blast      Conjuration                  4
   f - Iskenderun's Battlesphere      Conjuration/Charms           5
 e - a book of Misfortune

   Spells                             Type                      Level
   a - Confusing Touch                Hexes                        2
   b - Confuse                        Hexes                        3
   c - Gell's Gravitas                Hexes/Translocation          3
   d - Petrify                        Transmutation/Earth          4
   e - Metabolic Englaciation         Hexes/Ice                    5
   f - Yara's Violent Unravelling     Hexes/Transmutation          5


   Skills:
 - Level 1.5 Dodging
 - Level 1.5 Stealth
 - Level 2.0 Spellcasting
 + Level 4.5 Conjurations


You had 3 spell levels left.
You knew the following spells:

 Your Spells              Type           Power        Failure   Level  Hunger
a - Magic Dart            Conj           ###.         3%          1    N/A
b - Searing Ray           Conj           ###...       6%          2    N/A

Dungeon Overview and Level Annotations

Branches:
Dungeon (3/15)

Altars:
Elyvilon

Annotations:
D:2 Sigmund


Innate Abilities, Weirdness & Mutations

You do not eat or drink.
Your flesh is vulnerable to fire.
You are immune to poison.
Your flesh is cold resistant.
You are immune to negative energy.
You are immune to unholy pain and torment.
You can survive without breathing.


Message History

As you read the scroll labeled TEIKAYJULA, it crumbles to dust.
It is a scroll of recharging.
You aren't carrying any rechargeable items.
A worm comes into view.
The worm moves out of view.
Sigmund says, "You will soon forget everything."
Sigmund drinks a potion.
Sigmund seems to speed up.
Read which item? (? for menu, Esc to quit)
Blink to where?
Press: ? - help, Dir - move target cursor, p - Sigmund You are very lightly contaminated with residual magic.
As you read the scroll labeled KUFOS BIGH, it crumbles to dust.
It was a scroll of blinking.
Sigmund says, "I'm your fate."
There is a stone staircase leading up here.
Sigmund casts a spell at you. You resist with some effort.
Sigmund points at you and mumbles some strange words.
The puff of flame hits you! The fire burns you terribly!
You die...

..........# #.#####.###..####.
.#.##....## ###.#####.###.......
.#.##..#.# #...................
.#(##..#.# #.#.#####.###..####.
##.##..#..####.#.###.............
#.......##..............####.
#..##...........##.###.######
.##..........................##
.....w.#...#.#@...@..###.#####.
...........#.#.#...%....§####§.
.............w.........§§##§§§.
##.....).#.#.#.......§§§§§#§.
#....................§#####.
#.......#.#........##.. #
#.....#.#.#........##.#
#.....#...#........##.#
#.....##...........##..


You could see Sigmund and a worm (wandering).

Vanquished Creatures
  An adder (D:2)
  2 worms (D:2)
  2 dart slugs
  3 giant cockroaches
  8 goblins
  3 hobgoblins
  3 jackals (D:2)
  6 kobolds (D:1)
  A quokka (D:2)
  3 ball pythons
  4 bats (D:1)
  2 giant newts
  3 rats
41 creatures vanquished.

Notes
Turn   | Place    | Note
--------------------------------------------------------------
     0 | D:1      | M4edhros the Mummy Conjurer began the quest for the Orb.
     0 | D:1      | Reached XP level 1. HP: 13/13 MP: 3/3
   381 | D:1      | Reached XP level 2. HP: 19/19 MP: 0/5
   656 | D:1      | Reached skill level 4 in Conjurations
  1106 | D:1      | Reached XP level 3. HP: 24/24 MP: 3/6
  1153 | D:2      | Learned a level 2 spell: Searing Ray
  1967 | D:2      | Found a white marble altar of Elyvilon.
  1986 | D:2      | Noticed Sigmund
  2013 | D:2      | Killed from afar by Sigmund

Skill      XL: |  1  2 |
---------------+-------+-----
Conjurations   | 4 |  4.5
Dodging        | |  1.5
Stealth        | |  1.5
Spellcasting   | |  2.0

Action                   || total
-------------------------++-------
Melee: Unarmed           ||    32
       Short sword       ||    51
 Cast: Magic Dart        ||    69
       Searing Ray       ||     5
  Use: Scroll            ||     4
 Stab: Sleeping          ||     2
Armor: Robe              ||    26
Dodge: Dodged            ||    81
